 Dungeon Crawl Stone Soup version 0.29-a0-923-g6e406bff71 (webtiles) character file.

Game seed: 9692013030768794055

2489 jlumianski the Storyteller (level 9, -3/53 HPs)
             Began as a Demonspawn Ice Elementalist on July 27, 2022.
             Was a Believer of Hepliaklqana.
             Slain by a killer bee (4 damage)
             ... on level 7 of the Dungeon on July 28, 2022.
             The game lasted 00:47:18 (8951 turns).

jlumianski the Storyteller (DsIE)                   Turns: 8951, Time: 00:47:18

Health: -3/53      AC:  5    Str:  8    XL:     9   Next: 27%
Magic:  15/17      EV: 13    Int: 32    God:    Hepliaklqana [**....]
Gold:   91         SH:  5    Dex: 15    Spells: 5/19 levels left

rFire   . . .      SeeInvis .   F - +6 rapier (protect)
rCold   . . .      Faith    .   (no shield)
rNeg    . . .      Spirit   .   H - +1 robe "Pollaps" {Drain rCorr Int+4 Stlth+}
rPois   .          Reflect  +   (helmet restricted)
rElec   .          Harm     .   p - +0 cloak
rCorr   +          Rampage  .   (no gloves)
Will    .....                   G - +0 pair of boots
Stlth   +++++.....              e - amulet of reflection
HPRegen 0.17/turn               y - +6 ring of intelligence
MPRegen 0.15/turn               (no ring)

@: lethally poisoned (-3 -> -10)
A: reduced essence, horns 1, thin skeletal structure 1, foul stench 1, demonic
magic 2
a: Renounce Religion, Recall Ancestor, Ancestor Identity


You were on level 7 of the Dungeon.
You worshipped Hepliaklqana.
Hepliaklqana was pleased with you.
You visited 2 branches of the dungeon, and saw 8 of its levels.

You collected 319 gold pieces.
You spent 228 gold pieces at shops.

Inventory:

Hand Weapons
 f - a +0 dagger
 k - a +0 spear
 n - a +0 short sword
 v - a +1 whip of freezing
 B - a +1 rapier
 F - a +6 rapier of protection (weapon)
 J - a +1 long sword
Missiles
 h - 6 datura-tipped darts
 i - 3 boomerangs
 l - 6 atropa-tipped darts
 o - 56 stones
 s - 2 curare-tipped darts
 t - 12 poisoned darts (quivered)
Armour
 a - a +0 robe
 j - a +0 leather armour
 p - a +0 cloak (worn)
 E - a +0 leather armour of poison resistance
 G - a +0 pair of boots (worn)
 H - the +1 robe "Pollaps" (worn) {Drain rCorr Int+4 Stlth+}
   (You bought it in a shop on level 5 of the Dungeon)

   Int:       It affects your intelligence (+4).
   rCorr:     It protects you from acid and corrosion.
   Drain:     It drains your maximum health when unequipped.
   Stlth:     It makes you more stealthy.
Jewellery
 e - an amulet of reflection (around neck)
 y - a +6 ring of intelligence (left hand)
Wands
 u - a wand of flame (23)
 I - a wand of mindburst (16)
Scrolls
 d - 3 scrolls of enchant weapon
 w - 2 scrolls of teleportation
Potions
 b - a potion of magic
 c - a potion of degeneration
 g - 2 potions of attraction
 m - 3 potions of berserk rage
 q - a potion of might
 r - a potion of curing
 x - 2 potions of lignification
 z - a potion of flight
 A - a potion of brilliance {unknown}
 C - a potion of heal wounds {unknown}
 D - a potion of mutation {unknown}


   Skills:
 + Level 1.5 Fighting
 + Level 3.0 Short Blades
 + Level 0.5 Armour
 + Level 3.1 Dodging
 + Level 5.1 Stealth
 + Level 1.1 Shields
 + Level 5.8 Spellcasting
 + Level 6.6 Ice Magic
 * Level 7.1 Invocations


You had 5 spell levels left.
You knew the following spells:

 Your Spells              Type           Power      Damage    Failure   Level
a - Freeze                Ice            100%       1d11      1%          1
b - Frozen Ramparts       Ice            100%       1d12      1%          3
c - Ozocubu's Armour      Ice            51%        N/A       1%          3
d - Ensorcelled Hibernat  Hex/Ice        60%        N/A       1%          2
e - Passwall              Tmut/Erth      7%         N/A       7%          2
f - Dazzling Flash        Conj/Hex       18%        N/A       14%         3

Your spell library contained the following spells:

 Spells                   Type           Power      Damage    Failure   Level
 Hailstorm                Conj/Ice       30%        3d8       12%         4
 Inner Flame              Hex/Fire       9%         N/A       14%         3
 Swiftness                Air            9%         N/A       14%         3
 Metabolic Englaciation   Hex/Ice        15%        N/A       32%         5
 Animate Dead             Necr           9%         N/A       43%         4
 Cause Fear               Hex            4%         N/A       43%         4
 Petrify                  Tmut/Erth      9%         N/A       43%         4
 Agony                    Necr           9%         N/A       78%         5
 Silence                  Hex/Air        4%         N/A       78%         5
 Statue Form              Tmut/Erth      6%         N/A       100%        6
 Haunt                    Necr/Summ      4%         N/A       100%        7
 Discord                  Hex            4%         N/A       100%        8
 Infestation              Necr           4%         N/A       100%        8


Dungeon Overview and Level Annotations

Branches:
Dungeon (7/15)             Temple (1/1) D:4

Altars:
Gozag
Hepliaklqana
Kikubaaqudgha
Makhleb
Nemelex Xobeh
Okawaru
Qazlal
Ru
Xom
Yredelemnul

Shops:
D:4 (   D:5 [   D:6 (   D:7 :


Innate Abilities, Weirdness & Mutations

Your life essence is reduced to manifest your ancestor. (-10% HP)
You have a pair of small horns on your head.
You have a somewhat thin skeletal structure. (Dex +2, Stealth+)
You may rarely emit foul miasma when damaged in melee.
Spells you cast may paralyse nearby enemies.


Message History

Xochipepe hits the killer bee with a +0 flail.
You miss the killer bee.
The killer bee is heavily wounded.
You feel sick. The killer bee closely misses you.
The killer bee completely misses you.
Xochipepe misses the killer bee.
Casting: Frozen Ramparts (safe; 1% risk of failure)
Confirm with . or Enter, or press ? or * to list all spells.
Casting: Frozen Ramparts (safe; 1% risk of failure)
Press: ? - help, Dir - look around, f - activate A stone staircase leading down, spattered with blood.
The walls around you are covered in ice.
Malevolent energies surge around you.
You feel sick.
The wall freezes the killer bee.
The killer bee completely misses you.
The wall freezes the killer bee but does no damage.
The killer bee stings you.
* * * LOW HITPOINT WARNING * * *
You are lethally poisoned!
The killer bee poisons you!
You emit a cloud of foul miasma!
Xochipepe barely misses the killer bee.
You hit the killer bee.
Your weapon exudes an aura of protection.
The killer bee is almost dead.
* * * LOW HITPOINT WARNING * * *
You feel very sick.
The killer bee is engulfed in dark miasma.
The killer bee is poisoned.
The killer bee seems to slow down.
You kill the killer bee!
You feel better.
The frozen ramparts melt away.
You climb downwards.
The killer bee stings you.
* * * LOW HITPOINT WARNING * * *
The killer bee stings you.
* * * LOW HITPOINT WARNING * * *
You are lethally poisoned!
The killer bee poisons you!
A killer bee comes into view.
There is a stone staircase leading up, spattered with blood here.
* * * LOW HITPOINT WARNING * * *
You feel very sick. The killer bee stings you.
You die...

#..≈≈⌠.⌠≈≈...#
#.#≈≈≈.≈≈≈<..#
#.#.##≈≈)≈≈....#
.......<.......#
....##......)#.#
... #.......#.#
. #.......#.#
#.......#.#
#...y@R.#
#....####
......y.
.##..#.# ......#
...#.## ..y #.


You could see the friendly Xochipepe the knight and 3 killer bees.

Vanquished Creatures
  Eustachio (D:6)
  Duvessa (D:4)
  An ogre (D:6)
  A centaur (D:3)
  A phantom (D:6)
  A bullfrog (D:6)
  A scorpion (D:6)
  Dowan (D:4)
  A killer bee (D:6)
  A crimson imp (D:4)
  2 hounds (D:4)
  An orc priest (D:3)
  A jelly (D:6)
  Jessica (D:3)
  An iguana (D:5)
  Ijyb (D:4)
  5 orc wizards
  Natasha (twice) (D:4)
  3 gnolls (D:6)
  9 adders
  A white imp (D:5)
  19 orcs
  A bat (D:2)
  9 endoplasms
  4 giant cockroaches
  6 goblins
  A hobgoblin (D:2)
  6 jackals
  8 kobolds
  3 quokkas
  6 ball pythons
  15 frilled lizards
  5 rats
120 creatures vanquished.

Vanquished Creatures (collateral kills)
  Prince Ribbit (D:6)
  Menkaure (D:6)
  An orc warrior (D:6)
  An ice beast (D:6)
  A phantom (D:5)
  2 scorpions (D:5)
  4 wights (D:6)
  3 hounds (D:5)
  2 orc priests
  2 iguanas (D:5)
  Natasha (D:4)
  An adder (D:6)
  A gnoll (D:6)
  A worm (D:5)
  6 orcs
  3 jackals (D:5)
31 creatures vanquished.

Vanquished Creatures (others)
  3 knights (D:6)
3 creatures vanquished.

Grand Total: 154 creatures vanquished

Notes
Turn   | Place    | Note
-------+----------+-------------------------------------------
     0 | D:1      | jlumianski the Demonspawn Ice Elementalist began the quest
                  | for the Orb.
     0 | D:1      | Reached XP level 1. HP: 13/13 MP: 3/3
   250 | D:1      | Gained mutation: You may rarely emit foul miasma when
                  | damaged in melee. [demonic ancestry]
   250 | D:1      | Reached XP level 2. HP: 17/19 MP: 3/5
  1677 | D:2      | Reached XP level 3. HP: 21/24 MP: 6/6
  1681 | D:2      | Learned a level 3 spell: Frozen Ramparts
  2328 | D:2      | Gained mutation: You have a somewhat thin skeletal
                  | structure. (Dex +2, Stealth+) [demonic ancestry]
  2328 | D:2      | Reached XP level 4. HP: 30/30 MP: 2/7
  2719 | D:3      | You fall into a shaft and drop 1 floor!
  2743 | D:4      | Noticed Ijyb
  2835 | D:4      | Noticed Natasha
  2875 | D:5      | Entered Level 5 of the Dungeon
  2880 | D:6      | Noticed a phantom
  2916 | D:4      | Killed Natasha
  2917 | D:4      | Reached skill level 1 in Short Blades
  2921 | D:4      | Learned a level 3 spell: Ozocubu's Armour
  2942 | D:4      | Noticed Dowan
  2954 | D:3      | Found a sparkling altar of Nemelex Xobeh.
  3027 | D:3      | Noticed a centaur
  3051 | D:4      | Found a staircase to the Ecumenical Temple.
  3060 | Temple   | Entered the Ecumenical Temple
  3131 | Temple   | Became a worshipper of Hepliaklqana the Forgotten
  3472 | D:3      | Noticed Jessica
  3478 | D:3      | Killed Jessica
  3479 | D:3      | Gained mutation: Spells you cast may paralyse adjacent
                  | enemies. [demonic ancestry]
  3479 | D:3      | Reached XP level 5. HP: 31/35 MP: 5/9
  3720 | D:3      | Killed a centaur
  3721 | D:3      | Reached skill level 1 in Invocations
  3804 | D:3      | Reached skill level 2 in Invocations
  3804 | D:3      | Gained mutation: Spells you cast may paralyse nearby
                  | enemies. [demonic ancestry]
  3804 | D:3      | Reached XP level 6. HP: 26/41 MP: 8/11
  4143 | D:4      | Found Oro Numm's Antique Weapon Boutique.
  4146 | D:4      | Bought a rapier for 120 gold pieces
  4442 | D:3      | Found an ancient bone altar of Kikubaaqudgha.
  4641 | D:4      | Noticed Natasha
  4687 | D:4      | Noticed Duvessa
  4716 | D:4      | Killed Duvessa
  4717 | D:4      | Reached skill level 3 in Invocations
  4729 | D:4      | Killed Dowan
  4858 | D:4      | Reached skill level 5 in Ice Magic
  4858 | D:4      | Gained mutation: You have a pair of small horns on your
                  | head. [demonic ancestry]
  4858 | D:4      | Reached XP level 7. HP: 43/47 MP: 5/12
  4912 | D:4      | Reached * piety under Hepliaklqana
  5020 | D:4      | Found a burning altar of Makhleb.
  5021 | D:4      | Found a shimmering altar of Xom.
  5024 | D:4      | Reached skill level 4 in Invocations
  5126 | D:4      | Killed Natasha
  5340 | D:4      | Noticed Natasha
  5346 | D:4      | Killed Natasha
  5440 | D:4      | Killed Ijyb
  6107 | D:5      | Learned a level 2 spell: Ensorcelled Hibernation
  6125 | D:5      | Found an iron altar of Okawaru.
  6235 | D:5      | Found Ozoagis Emu's Antique Armour Boutique.
  6253 | D:5      | Bought a slimy robe for 108 gold pieces
  6253 | D:5      | Identified the +1 robe "Pollaps" {Drain rCorr Int+4 Stlth+}
                  | (You bought it in a shop on level 5 of the Dungeon)
  6596 | D:5      | Reached skill level 5 in Invocations
  6596 | D:5      | Reached XP level 8. HP: 43/47 MP: 12/14
  6697 | D:5      | Reached ** piety under Hepliaklqana
  6698 | D:5      | Remembered your ancestor Xochipepe as a knight
  6713 | D:5      | Reached skill level 1 in Shields
  6742 | D:5      | Reached skill level 1 in Fighting
  7103 | D:6      | Found a basalt altar of Yredelemnul.
  7132 | D:6      | Noticed Menkaure
  7141 | D:6      | Killed Menkaure
  7402 | D:6      | Reached skill level 5 in Spellcasting
  7402 | D:6      | Reached skill level 6 in Invocations
  7605 | D:6      | Found Ylluseerr's Antique Weapon Shoppe.
  7607 | D:6      | Noticed Eustachio
  7642 | D:6      | Killed Eustachio
  7770 | D:7      | Found Aqun's Self-Improvement Boutique.
  7871 | D:6      | Noticed Prince Ribbit
  7878 | D:6      | Killed Prince Ribbit
  7879 | D:6      | Reached skill level 5 in Stealth
  7879 | D:6      | Reached XP level 9. HP: 40/53 MP: 13/17
  7882 | D:6      | Learned a level 2 spell: Passwall
  8442 | D:6      | Reached skill level 7 in Invocations
  8592 | D:6      | Learned a level 3 spell: Dazzling Flash
  8749 | D:7      | Noticed a two-headed ogre
  8946 | D:6      | HP: 1/53 [poisoned by a killer bee]
  8951 | D:7      | HP: 1/53 [poisoned by a killer bee]
  8951 | D:7      | Slain by a killer bee

Illustrated notes

Levels and vault maps discovered:
D:1:      nagdon_arrival_zigzag_paths, layout_basic, minmay_curled_crystal
D:2:      minmay_inner_zag, layout_basic, minmay_lizard_pond
D:3:      layout_basic, nicolae_kikubaaqudgha_miasma_corner,
          nemelex_dance_club_becter, minmay_misc_feat_alley, uniq_jessica
D:4:      layout_rooms, grunt_temple_overflow_champion_of_chaos,
          minmay_temple_entry_trees, hangedman_decor_growths,
          nicolae_stop_n_shop_2, uniq_ijyb, uniq_natasha, uniq_duvessa
D:5:      layout_gridville, okawaru_ov_weapons_minmay, serial_shops,
          nicolae_shop_stone
D:6:      layout_basic, kennysheep_ying_yang, serial_shops,
          nicolae_shop_advertising_works [nicolae_subvault_shop_adworks],
          uniq_eustachio, uniq_menkaure, uniq_prince_ribbit1
D:7:      layout_basic, overflow_temple_1_default, supply_closet_lemuel,
          nicolae_shop_self_help, uniq_joseph
Temple:   grunt_temple_mini_profane

Skill      XL: |  1  2  3  4  5  6  7  8  9 |
---------------+----------------------------+-----
Ice Magic      | 4 5 6 |  6.6
Dodging        | 2 3 |  3.1
Stealth        | 2 3 5 |  5.1
Short Blades   | 1 2 3 |  3.0
Spellcasting   | 3 4 5 |  5.8
Invocations    | 2 3 5 6 7 |  7.1
Shields        | 1 |  1.1
Fighting       | 1 |  1.5
Armour         | |  0.5

Action                   |  1- 3 |  4- 6 |  7- 9 || total
-------------------------+-------+-------+-------++-------
Melee: Dagger            |    53 |       |       ||    53
       Short sword       |    26 |    40 |       ||    66
       Rapier            |       |    16 |    57 ||    73
       Headbutt          |       |       |    10 ||    10
Throw: Dart              |       |     2 |     1 ||     3
 Cast: Freeze            |    22 |    12 |     5 ||    39
       Frozen Ramparts   |     6 |    24 |    23 ||    53
       Ozocubu's Armour  |       |     4 |    18 ||    22
       Ensorcelled Hiber |       |       |     1 ||     1
Invok: Ancestor Life: Kn |       |       |     1 ||     1
Evoke: Wand              |       |       |     1 ||     1
  Use: Scroll            |       |     9 |     4 ||    13
       Potion            |       |     2 |     3 ||     5
 Stab: Sleeping          |     2 |     4 |    10 ||    16
       Paralysed         |       |     7 |    10 ||    17
Armor: Robe              |    21 |    16 |    13 ||    50
       Leather armour    |       |       |     2 ||     2
Dodge: Dodged            |    74 |    39 |    41 ||   154
Block: Other             |    21 |    14 |    14 ||    49
       Reflection        |       |     1 |     1 ||     2

Table legend: (Time is in decaauts)
 A = Elapsed time spent in this place.
 B = Non-inter-level travel time spent in this place.
 C = Inter-level travel time spent in this place.
 D = Time resting spent in this place.
 E = Time spent auto-exploring this place.
 F = Levels seen in this place.
 G = Mean time per level.
                   A        B        C        D        E       F      G
               +--------+--------+--------+--------+--------+-----+--------+
         Total |   8995 |   8703 |    292 |   1397 |   4299 |   8 | 1124.4 |
       Dungeon |   8885 |   8593 |    292 |   1397 |   4299 |   7 | 1269.3 |
        Temple |    110 |    110 |      0 |      0 |      0 |   1 |  110.0 |
               +--------+--------+--------+--------+--------+-----+--------+

Top non-repeatable levels by time:
     D:6: 1930 daAuts
     D:3: 1639 daAuts
     D:1: 1491 daAuts
     D:2: 1368 daAuts
     D:5: 1224 daAuts
     D:4: 1137 daAuts
  Temple: 110 daAuts
     D:7: 95 daAuts
